 Dungeon Crawl Stone Soup version 0.30.1-4-g462c640d31 (console) character file.

Game seed: 7722442677341277502

86 shmup the Firebug (level 4, -9/24 HPs)
             Began as a Deep Elf Fire Elementalist on Sept 5, 2023.
             Killed from afar by an orc wizard (11 damage)
             ... with a puff of flame
             ... on level 4 of the Dungeon on Sept 6, 2023.
             The game lasted 00:11:21 (1960 turns).

shmup the Firebug (Deep Elf Fire Elementalist)      Turns: 1960, Time: 00:11:22

Health: -9/24      AC:  2    Str:  5    XL:     4   Next: 27%
Magic:  2/10       EV: 12    Int: 22    God:
Gold:   115        SH:  0    Dex: 15    Spells: 6/9 levels left

rFire   . . .        d - +0 dagger
rCold   . . .        (no shield)
rNeg    . . .        a - +0 robe
rPois   .            (no helmet)
rElec   .            (no cloak)
rCorr   .            (no gloves)
SInv    .            (no boots)
Will    .....        (no amulet)
Stlth   ++           (no ring)
HPRegen 0.24/turn    (no ring)
MPRegen 0.12/turn

%: no passive effects
@: no status effects
A: no striking features
a: no special abilities


You were on level 4 of the Dungeon.
You visited 1 branch of the dungeon, and saw 3 of its levels.

You collected 115 gold pieces.

Inventory:

Hand Weapons
 d - a +0 dagger (weapon)
 e - a +0 trident
Missiles
 c - 21 stones (quivered)
 l - a throwing net
 m - 2 poisoned darts
Armour
 a - a +0 robe (worn)
 i - a +0 pair of boots
Scrolls
 j - a scroll of fog {unknown}
Potions
 b - a potion of magic
 f - a potion of degeneration {unknown}
 g - a potion of invisibility {unknown}
 h - a potion of heal wounds {unknown}
 k - 2 potions of curing


   Skills:
 - Level 2.4 Dodging
 - Level 2.4 Stealth
 - Level 3.0 Spellcasting
 + Level 1.8 Conjurations
 + Level 5.4 Fire Magic


You had 6 spell levels left.
You knew the following spells:

 Your Spells              Type           Power      Damage    Failure   Level
a - Foxfire               Conj/Fire      76%        2x1d7     2%          1
b - Scorch                Fire           54%        2d7       1%          2

Your spell library contained the following spells:

 Spells                   Type           Power      Damage    Failure   Level
 Sting                    Tmut/Pois      12%        1d3       12%         1
 Inner Flame              Hex/Fire       15%        N/A       12%         3
 Volatile Blastmotes      Fire/Tloc      30%        2d12      12%         3
 Ensorcelled Hibernation  Hex/Ice        6%         N/A       19%         2
 Poisonous Vapours        Pois/Air       6%         N/A       19%         2
 Flame Wave               Conj/Fire      19%        2d7       28%         4
 Spider Form              Tmut/Pois      3%         N/A       36%         3
 Anguish                  Hex/Necr       1%         N/A       77%         4
 Olgreb's Toxic Radiance  Pois           3%         N/A       77%         4


Dungeon Overview and Level Annotations

Branches:
Dungeon (4/15) Zot: 16040
 Temple: D:4-7

Altars:

Shops:
D:2 :


Message History

The orc wizard hits you with a +0 dagger.
You closely miss the orc wizard.
Casting: Foxfire (safe; 2% risk of failure)
Confirm with . or Enter, or press ? or * to list all spells.
You conjure some foxfire!
The orc wizard closely misses you.
The foxfire hits the orc wizard but does no damage.
The orc wizard hits you with a +0 dagger.
You closely miss the orc wizard.
The orc wizard points at you and mumbles some strange words.
The magic dart hits you!
* * * LOW HITPOINT WARNING * * *
Unknown command.
Casting: Foxfire (safe; 2% risk of failure)
Confirm with . or Enter, or press ? or * to list all spells.
Nothing appears to happen.
Something hits you.
* * * LOW HITPOINT WARNING * * *
The orc wizard completely misses you. Something hits you.
* * * LOW HITPOINT WARNING * * *
The orc wizard hits you with a +0 dagger.
* * * LOW HITPOINT WARNING * * *
Unknown command.
Casting: Foxfire (safe; 2% risk of failure)
Confirm with . or Enter, or press ? or * to list all spells.
Flames lash the orc wizard.
The orc wizard is severely wounded.
The orc wizard's fire resistance burns away.
Something hits you.
* * * LOW HITPOINT WARNING * * *
The orc wizard hits you with a +0 dagger.
* * * LOW HITPOINT WARNING * * *
Casting: Scorch (safe; 1% risk of failure)
Confirm with . or Enter, or press ? or * to list all spells.
Flames lash the orc.
The orc is almost dead.
The orc's fire resistance burns away.
You hear some strange, mumbled words.
A puff of flame appears from out of thin air!
The puff of flame hits you!
You die...

▒.▒ ▒.. ▒.▒ ▒.▒ ▒.▒
▒▒▒.▒ ▒...▒ .......
▒.▒.▒▒▒▒▒▒.....▒
▒▒▒▒▒▒.▒▒.▒▒eo▒.....▒
▒.........%▒▒{▒.....▒
.>..▒▒▒▒▒▒....▒o▒...).▒
▒ ▒.)....▒....▒
▒......▒....▒
▒............▒
▒......▒▒..%▒▒▒▒▒▒
▒......▒▒▒▒o.....▒
▒......▒ ▒.o...$.▒


You could see an orc wizard (combustible) and an orc (combustible).

Vanquished Creatures
  An orc wizard (D:4)
  An adder (D:2)
  A worm (D:2)
  2 dart slugs (D:1)
  2 orcs (D:4)
  4 endoplasms
  2 giant cockroaches (D:1)
  3 goblins
  2 hobgoblins (D:1)
  2 jackals (D:1)
  3 quokkas
  5 ball pythons
  6 bats
  4 frilled lizards (D:1)
  2 kobolds (D:1)
  4 rats
44 creatures vanquished.

Vanquished Creatures (others)
  97 foxfires
97 creatures vanquished.

Grand Total: 141 creatures vanquished

Notes
Turn   | Place    | Note
-------+----------+-------------------------------------------
     0 | D:1      | shmup the Deep Elf Fire Elementalist began the quest for
                  | the Orb.
     0 | D:1      | Reached XP level 1. HP: 10/10 MP: 6/6
   500 | D:1      | Reached XP level 2. HP: 15/15 MP: 6/8
   503 | D:1      | Learned a level 2 spell: Scorch
   669 | D:1      | Reached skill level 4 in Fire Magic
  1228 | D:1      | Reached XP level 3. HP: 19/19 MP: 9/9
  1760 | D:2      | Found Fanosar's Book Emporium.
  1806 | D:2      | Reached skill level 5 in Fire Magic
  1861 | D:2      | You fall into a shaft and drop 2 floors!
  1948 | D:4      | Reached XP level 4. HP: 22/24 MP: 6/10
  1960 | D:4      | Killed from afar by an orc wizard

Illustrated notes

Levels and vault maps discovered:
D:1:      elethiomel_arrival_infinity_welcomes_careful_drivers, layout_basic,
          st_stairs_12
D:2:      layout_loops_ring, serial_shops, shop
D:4:      layout_cave_pods, mainiacjoe_overflow_alcove_2, kennysheep_little_box,
          nicolae_ossuary_entry_monument, minmay_misc_feat_more_columns,
          minmay_cut_off, uniq_ijyb

Skill      XL: |  1  2  3 |
---------------+----------+-----
Fire Magic     | 4 5 |  5.4
Dodging        | |  2.4
Stealth        | |  2.4
Spellcasting   | |  3.0
Conjurations   | |  1.8

Action                     |  1- 3 |  4- 6 || total
---------------------------+-------+-------++-------
  Melee: Dagger            |     2 |     5 ||     7
   Cast: Foxfire           |    59 |     2 ||    61
         Scorch            |       |     2 ||     2
    Use: Scroll            |     3 |       ||     3
   Stab: Sleeping          |     1 |       ||     1
 Armour: Robe              |     3 |     1 ||     4
  Dodge: Dodged            |    13 |     3 ||    16
